Map: Moondance

Players

forzainter

  • Race: Zerg Zerg
  • League: Diamond
  • Spawn Location: 12:00

PowderDreams - Winner!

  • Race: Zerg Zerg
  • League: Diamond
  • Spawn Location: 6:00

VOD

Have the link to the VOD?

Description

No business winning

Time

  • Played on: Jan. 16, 2023, 9:25 p.m.
  • Length: 8:32
Show
View Real Time Build Order
Export as new Build Order

forzainter Zerg 

Build Orders: Hatch First, Zergling Baneling 

Get SALT Encoding   

  12  0:00  Drone  
  13  0:13  Overlord  
  13  0:16  Drone  
  14  0:31  Drone x2  
  14  0:35  Drone  
  17  0:52  Hatchery  
  16  0:57  Drone  
  16  1:01  Extractor  
  16  1:03  Drone  
  17  1:16  Spawning Pool  
  16  1:21  Drone  
  16  1:22  Drone  
  18  1:28  Drone  
  20  1:40  Drone  
  20  1:50  Drone  
  21  2:05  Drone  
  21  2:06  Metabolic Boost, Queen  
  24  2:08  Queen  
  24  2:11  Zergling x2  
  24  2:12  Zergling x2  
  28  2:21  Baneling Nest  
  27  2:23  Overlord  
  27  2:31  Zergling x2  
  27  2:34  Overlord  
  28  2:42  Zergling x4  
  30  2:55  Zergling x6  
  33  3:03  Zergling x2  
  34  3:14  Baneling  
  34  3:15  Baneling x3  
  34  3:19  Zergling x12  
  41  3:20  Zergling x4  
  42  3:29  Zergling x4  
  42  3:31  Baneling  
  42  3:34  Overlord  
  42  3:53  Zergling x2  
  42  3:54  Zergling x10  
  42  4:08  Zergling x2  
  42  4:09  Zergling x4  
  39  4:10  Zergling x2  
  39  4:16  Zergling x2  
  41  4:19  Zergling x4  
  41  4:21  Zergling x2  
  41  4:29  Drone x2  
  42  4:32  Baneling  
  42  4:33  Baneling  
  42  4:35  Queen  
  44  4:39  Baneling  
  44  4:40  Baneling  
  43  4:53  Drone x3  
  43  4:54  Drone  
  46  5:08  Drone x2  
  46  5:09  Overlord, Drone  
  48  5:20  Baneling x2  
  47  5:28  Roach Warren  
  46  5:31  Evolution Chamber  
  45  5:40  Lair  
  45  5:44  Hatchery  
  42  5:57  Zergling x4  
  42  5:58  Zergling x4  
  42  6:01  Zergling x8  
  42  6:02  Zergling x2  
  42  6:03  Zergling x6  
  39  6:10  Zergling x2  
  35  6:23  Roach x2  
  30  6:47  Roach x3  
  29  7:02  Zergling x8  
  29  7:03  Zergling x2  
  17  8:01  Zergling x2  
  17  8:02  Zergling x10  
Show
View Real Time Build Order
Export as new Build Order

PowderDreams Zerg - Winner!

Build Orders: Pool First 

Get SALT Encoding   

  12  0:00  Drone  
  13  0:12  Overlord  
  13  0:18  Drone  
  14  0:34  Drone x2  
  14  0:35  Drone  
  17  0:45  Spawning Pool  
  17  0:48  Drone  
  17  1:09  Hatchery  
  16  1:12  Drone  
  16  1:14  Extractor  
  16  1:17  Drone  
  17  1:22  Drone  
  18  1:28  Drone  
  19  1:34  Queen  
  19  1:39  Zergling x2  
  22  1:50  Overlord  
  22  2:10  Queen  
  22  2:11  Drone x2  
  26  2:16  Metabolic Boost  
  26  2:23  Zergling x2  
  26  2:24  Drone  
  28  2:32  Drone  
  29  2:45  Drone  
  29  2:47  Drone  
  29  2:48  Overlord, Drone  
  32  2:57  Baneling Nest  
  31  3:00  Zergling x6  
  33  3:14  Zergling x6  
  33  3:16  Zergling x2  
  37  3:24  Evolution Chamber  
  36  3:28  Zergling x14  
  36  3:31  Overlord  
  43  3:46  Baneling  
  43  3:47  Baneling x2  
  30  3:56  Zergling x4  
  30  3:57  Zergling x4  
  29  4:08  Zergling x6  
  29  4:09  Zergling x6  
  31  4:21  Zergling x4  
  30  4:25  Zergling x2, Queen  
  33  4:32  Baneling x4  
  33  4:40  Queen  
  29  5:02  Zergling x12  
  35  5:08  Zergling x2  
  36  5:17  Zergling x2  
  36  5:19  Zergling x4  
  37  5:34  Zergling x4  
  36  6:02  Zergling x20  
  40  6:14  Baneling x2  
  34  6:37  Zergling x10  
  34  6:38  Zergling x6  
  42  6:44  Zergling x2  
  36  7:04  Baneling x5  
  36  7:18  Zergling x10  
  36  7:19  Zergling x2  
  32  7:41  Zergling x2  
  32  7:42  Zergling x10  
  30  7:59  Zergling x12  
  33  8:09  Zergling x2  
  34  8:13  Baneling x3, Zergling x2  
Tags
 
Add a new tag
Caveats
  • Supply blocks, unpowered buildings, or Contaminate may cause inaccurate times.
  • Supply counts are checked every 10 seconds.